 Dungeon Crawl Stone Soup version 0.20.1-1-g8b1a95d (webtiles) character file.

1059 dohliylev the Covert (level 8, -10/55 HPs)
             Began as a Vampire Assassin on Dec 4, 2017.
             Was a Believer of Nemelex Xobeh.
             Mangled by a gnoll sergeant
             ... wielding a +0 spear
              (13 damage)
             ... on level 5 of the Dungeon.
             The game lasted 00:18:13 (5100 turns).

dohliylev the Covert (Vampire Assassin)             Turns: 5100, Time: 00:18:14

Health: -10/55     AC:  6    Str: 10    XL:     8   Next: 6%
Magic:  9/9        EV: 11    Int: 14    God:    Nemelex Xobeh [**....]
Gold:   105        SH:  7    Dex: 20    Spells: 7/7 levels left

rFire    . . .     SeeInvis +   a - +2 dagger
rCold    . . .     Gourm    .   x - +0 shield
rNeg     + . .     Faith    .   c - +0 robe
rPois    .         Spirit   .   p - +0 helmet
rElec    .         Reflect  .   d - +0 cloak
rCorr    .         Harm     .   w - +1 pair of gloves {Dex+3}
MR       .....                  (no boots)
Stlth    ++++++....             (no amulet)
Regen    0.2/turn               t - ring of stealth
MPRegen  0.2/turn               (no ring)

@: about to teleport
A: fangs 3, see invisible, unbreathing
a: Bat Form, Renounce Religion


You were on level 5 of the Dungeon.
You worshipped Nemelex Xobeh.
Nemelex Xobeh was pleased with you.
You were not thirsty.

You visited 1 branch of the dungeon, and saw 5 of its levels.

You collected 347 gold pieces.
You spent 242 gold pieces at shops.

Inventory:

Hand Weapons
 a - a +2 dagger (weapon)
 b - a +0 blowgun
Missiles
 f - 4 poisoned needles
 u - 7 needles of paralysis
Armour
 c - a +0 robe (worn)
 d - a +0 cloak (worn)
 p - a +0 helmet (worn)
 w - a +1 pair of gloves of dexterity (worn)
 x - a +0 shield (worn)
Jewellery
 t - a ring of stealth (left hand)
Wands
 e - a wand of flame (27/48)
 g - a wand of disintegration (11/24)
 z - a wand of confusion (26/48)
Scrolls
 h - 2 scrolls of magic mapping
 k - a scroll of blinking {unknown}
 l - 2 scrolls of fear
 m - a scroll of teleportation
 o - a scroll of amnesia {unknown}
 s - a scroll of remove curse {unknown}
 y - 2 scrolls of identify
Potions
 i - 4 potions of curing {unknown}
 j - 11 potions of blood
 n - a potion of magic {unknown}
 q - a potion of berserk rage {unknown}
 r - a potion of haste {unknown}
 A - a potion of heal wounds {unknown}
Miscellaneous
 v - a legendary deck of escape {drawn: 5}


   Skills:
 - Level 1.7 Fighting
 + Level 6.9 Short Blades
 - Level 1.5 Throwing
 + Level 2.9 Dodging
 - Level 11.1 Stealth
 + Level 0.1 Shields
 + Level 1.9 Invocations


You had 7 spell levels left.
You didn't know any spells.

Dungeon Overview and Level Annotations

Branches:
Dungeon (5/15)
 Temple: D:4-7

Altars:
Dithmenos
Fedhas
Gozag
Nemelex Xobeh
Trog
Yredelemnul

Shops:
D:5 *[


Innate Abilities, Weirdness & Mutations

You have razor-sharp teeth.
You have supernaturally acute eyesight. (SInv)
You can survive without breathing.


Message History

You draw a card...
It is the Tomb.
Walls emerge from the floor!
The gnoll shaman hits you with a club. The gnoll sergeant closely misses you.
The gnoll shaman hits you with a club.
* * * LOW HITPOINT WARNING * * *
Evoke which item? (* to show all) (? for menu, Esc to quit)
You draw a card...
It is the Tomb.
Nothing appears to happen.
The gnoll sergeant hits you from afar with a spear.
* * * LOW HITPOINT WARNING * * *
The gnoll shaman misses you.
The gnoll sergeant hits you from afar with a spear.
* * * LOW HITPOINT WARNING * * *
Evoke which item? (* to show all) (? for menu, Esc to quit)
You draw a card...
It is the Shaft.
A shaft materialises beneath you!
The gnoll shaman falls through a shaft!
The gnoll falls through a shaft! x2
You block the gnoll sergeant's attack.
As you read the scroll of teleportation, it crumbles to dust.
You feel strangely unstable.
The gnoll sergeant hits you from afar with a spear!
You die...
Your body glows slightly and disappears.

###############################
.P..........................P..
.........P................P....
≈≈≈≈≈≈≈≈≈≈≈≈≈≈≈≈≈≈≈≈≈≈≈≈≈≈≈≈≈≈
≈≈≈≈≈≈≈≈≈≈≈≈≈≈≈≈≈≈≈≈≈≈≈≈≈≈≈≈≈
#≈≈≈≈≈≈≈≈≈≈≈≈≈≈≈≈≈≈≈≈≈≈≈≈≈
#.....[.......[....÷......
#'########################
#....'..#@§ggggg'.......'.
#....#########gg#########.
#..).# .....g..gg....g #.
###### .g..g.g.ggg.... ##
gg..g....g..... .$g............
######''####### .... ....


You could see a gnoll sergeant and 6 gnolls.

Vanquished Creatures
  Sigmund (D:3)
  A phantom (D:4)
  An ogre (D:4)
  A centaur (D:5)
  Blork the orc (D:5)
  2 scorpions
  A crimson imp (D:5)
  2 orc priests (D:4)
  2 gnoll shamans (D:5)
  2 hounds (D:4)
  Terence (D:3)
  Ijyb (D:3)
  4 worker ants
  2 gnolls (D:5)
  3 adders
  An adder skeleton (D:4)
  3 worms
  A dart slug (D:1)
  5 leopard geckos
  An orc (D:3)
  4 bats
  5 giant cockroaches
  9 goblins
  5 hobgoblins
  14 jackals (D:5)
  8 kobolds
  4 quokkas
  4 frilled lizards
  A quokka skeleton (D:4)
  11 rats
101 creatures vanquished.

Vanquished Creatures (others)
  A leopard gecko (D:4)
1 creature vanquished.

Grand Total: 102 creatures vanquished

Notes
Turn   | Place    | Note
-------+----------+-------------------------------------------
     0 | D:1      | dohliylev the Vampire Assassin began the quest for the Orb.
     0 | D:1      | Reached XP level 1. HP: 16/16 MP: 1/1
    11 | D:1      | Reached skill level 6 in Stealth
   110 | D:1      | Reached XP level 2. HP: 22/22 MP: 2/2
   318 | D:1      | Reached skill level 7 in Stealth
   628 | D:2      | Reached XP level 3. HP: 27/27 MP: 3/3
   700 | D:2      | Found a sparkling altar of Nemelex Xobeh.
   740 | D:2      | Became a worshipper of Nemelex Xobeh the Trickster
   794 | D:2      | Found a shadowy altar of Dithmenos.
   830 | D:2      | Received a gift from Nemelex Xobeh
   850 | D:2      | Reached skill level 8 in Stealth
  1216 | D:3      | Noticed Ijyb
  1249 | D:3      | Killed Ijyb
  1249 | D:3      | Reached XP level 4. HP: 20/33 MP: 4/4
  1356 | D:3      | Found a basalt altar of Yredelemnul.
  1436 | D:3      | Noticed Sigmund
  1442 | D:3      | Killed Sigmund
  1442 | D:3      | Reached skill level 10 in Stealth
  1442 | D:3      | Reached XP level 5. HP: 38/38 MP: 5/5
  1445 | D:3      | Noticed Terence
  1460 | D:3      | Killed Terence
  1460 | D:3      | Reached skill level 11 in Stealth
  1460 | D:3      | Reached XP level 6. HP: 41/44 MP: 6/6
  1577 | D:3      | Reached * piety under Nemelex Xobeh
  2537 | D:4      | Found a bloodstained altar of Trog.
  2648 | D:4      | Received a gift from Nemelex Xobeh
  2924 | D:4      | Reached XP level 7. HP: 49/49 MP: 7/7
  3029 | D:4      | Reached skill level 5 in Short Blades
  3425 | D:4      | Reached skill level 1 in Invocations
  3487 | D:5      | Entered Level 5 of the Dungeon
  3488 | D:5      | Found Epnam Saiho's Armour Shoppe.
  3495 | D:5      | Noticed Blork the orc
  3551 | D:5      | Killed Blork the orc
  3744 | D:5      | Found Lomi's General Store.
  4030 | D:5      | Bought a +1 pair of gloves of dexterity for 214 gold pieces
  4097 | D:5      | Bought a scroll of identify for 28 gold pieces
  4601 | D:5      | Found a blossoming altar of Fedhas.
  4629 | D:5      | Found an opulent altar of Gozag.
  4758 | D:5      | Reached ** piety under Nemelex Xobeh
  4958 | D:5      | Reached XP level 8. HP: 52/55 MP: 9/9
  5100 | D:5      | Mangled by a gnoll sergeant

Skill      XL: |  1  2  3  4  5  6  7 |
---------------+----------------------+-----
Stealth        | 6 7 8 10 11 | 11.1
Short Blades   | 4 6 |  6.9
Dodging        | 2 |  2.9
Invocations    | 1 |  1.9
Fighting       | |  1.7
Throwing       | |  1.5
Shields        | |  0.1

Action                   |  1- 3 |  4- 6 |  7- 9 || total
-------------------------+-------+-------+-------++-------
Melee: Dagger            |   107 |    85 |   229 ||   421
       Bite              |     8 |     7 |    31 ||    46
 Fire: Blowgun           |       |    22 |     6 ||    28
 Abil: End Transformatio |       |       |     1 ||     1
       Bat Form          |       |       |     1 ||     1
Evoke: Deck              |       |     2 |    13 ||    15
  Use: Potion            |       |     1 |     3 ||     4
       Scroll            |       |       |     5 ||     5
 Stab: Sleeping          |    21 |    10 |     8 ||    39
       Distracted        |       |       |     2 ||     2
  Eat: Corpse            |       |     4 |     3 ||     7
Armor: Robe              |    19 |    14 |    47 ||    80
Dodge: Dodged            |    44 |    44 |    96 ||   184
Block: Shield            |       |       |    20 ||    20
